 Dungeon Sprint DCSS version 0.27-a0-1291-geefcff550b (webtiles) character file.

Game seed: 11693670153925493758

151 mhtbhm the Shield-Bearer (level 5, 0/78 HPs)
             Began as a Deep Dwarf Fighter on June 15, 2021.
             Was a Priest of Makhleb.
             Slain by an orc warrior (4 damage)
             ... in the Dungeon (Sprint VII: "The Pits").
             The game lasted 00:00:47 (155 turns).

mhtbhm the Shield-Bearer (Deep Dwarf Fighter)        Turns: 155, Time: 00:00:48

Health: 0/78       AC:  7    Str: 21    XL:     5   Next: 11%
Magic:  5/5        EV:  8    Int:  8    God:    Makhleb [***...]
Gold:   0          SH: 10    Dex: 12    Spells: 4/4 levels left

rFire    . . .     SeeInvis .   a - +2 hand axe
rCold    . . .     Faith    .   c - +0 kite shield
rNeg     . . .     Spirit   .   b - +0 scale mail
rPois    .         Reflect  .   (no helmet)
rElec    .         Harm     .   (no cloak)
rCorr    .         Rampage  .   (no gloves)
Will     .....     NoTele   +   (no boots)
Stlth    ..........             (no amulet)
HPRegen  0.00/turn              (no ring)
MPRegen  0.09/turn              (no ring)

@: mighty, berserking, very quick
A: damage resistance, heal wounds, sense surroundings 1, no regeneration
a: Heal Wounds, Renounce Religion, Minor Destruction, Lesser Servant of Makhleb


You were in the Dungeon.
You worshipped Makhleb.
Makhleb was most pleased with you.
You visited 1 branch

Inventory:

Hand Weapons
 a - a +2 hand axe (weapon)
Armour
 b - a +0 scale mail (worn)
 c - a +0 kite shield (worn)
Scrolls
 j - a scroll of blinking
 l - 5 scrolls of amnesia
 m - a scroll of summoning
Potions
 g - a potion of haste
 h - 4 potions of magic
 i - 2 potions of berserk rage
 k - 2 potions of invisibility


   Skills:
 + Level 5.1 Fighting
 + Level 6.2 Axes
 + Level 6.4 Armour
 + Level 6.6 Shields


You had 4 spell levels left.
You didn't know any spells.
Your spell library was empty.

Dungeon Overview and Level Annotations

Branches:
Dungeon (1/1)

Altars:
Ashenzari
Cheibriados
Dithmenos
Elyvilon
Fedhas
Gozag
Hepliaklqana
Kikubaaqudgha
Makhleb
Nemelex Xobeh
Okawaru
Qazlal
Ru
Sif Muna
Trog
Uskayaw
Vehumet
Wu Jian
Xom
Yredelemnul
Zin
The Shining One
Beogh
Jiyva
Lugonu


Innate Abilities, Weirdness & Mutations

You are resistant to damage.
You can heal yourself by infusing magical energy.
You passively map a small area around you.
You do not regenerate.


Message History

The orc warrior hits you with a +0 trident!
* * * LOW HITPOINT WARNING * * *
You closely miss the orc warrior.
The orc warrior is moderately wounded.
You barely miss the hobgoblin. The hobgoblin closely misses you.
You block the orc warrior's attack.
Unknown command.
You feel very mighty all of a sudden. The hobgoblin completely misses you.
The orc warrior hits you but does no damage.
Unknown command.
You feel better. The hobgoblin barely misses you.
You block the orc warrior's attack.
You barely miss the orc warrior.
The orc warrior is moderately wounded.
You barely miss the hobgoblin. The hobgoblin hits you.
* * * LOW HITPOINT WARNING * * *
The orc warrior hits you with a +0 trident!
* * * LOW HITPOINT WARNING * * *
You barely miss the orc warrior.
The orc warrior is moderately wounded.
You hit the hobgoblin.
The hobgoblin hits you but does no damage.
You block the orc warrior's attack. The hobgoblin hits you.
Unknown command.
A red film seems to cover your vision as you go berserk!
You feel yourself moving faster!
You feel mighty! You block the orc warrior's attack. The hobgoblin hits you.
Unknown command.
You slash the orc warrior!
The orc warrior is almost dead.
You hit the hobgoblin.
You kill the hobgoblin!
Makhleb accepts your kill.
You can now summon a lesser servant of Makhleb.
You feel better. The orc warrior closely misses you.
You closely miss the orc warrior.
The orc warrior is almost dead.
The orc warrior hits you with a +0 trident!
You die...

##########'##...........
#)?(.')))'.##......#..#.
##########.##...........
#...........'...........
#+#####'#####......#..#.
#.....##........... ,
#####)#####'#####++
#.....##.......# *
#.@o..##.......#
,###)####.......# , * *
.... #...<...#* *,
,o....##.......# *
,.g....##.......#
#########.......# , ,,
*######### * , * * ,, *
,


You could see an orc warrior.

Vanquished Creatures
  A floating eye (D)
  An orc wizard (D)
  A gnoll (D)
  2 adder skeletons (D)
  2 orcs (D)
  2 hobgoblins (D)
  A quokka (D)
  A rat (D)
11 creatures vanquished.

Notes
Turn   | Place    | Note
-------+----------+-------------------------------------------
     0 | D        | mhtbhm the Deep Dwarf Fighter began the quest for the Orb.
     0 | D        | Reached XP level 1. HP: 20/20 MP: 1/1
    22 | D        | Found a bloodstained altar of Trog.
    22 | D        | Found a shimmering blue altar of Sif Muna.
    22 | D        | Found a viscous altar of Jiyva.
    22 | D        | Found a hazy altar of Hepliaklqana.
    22 | D        | Found an opulent altar of Gozag.
    23 | D        | Found a glowing golden altar of the Shining One.
    23 | D        | Found a glowing silver altar of Zin.
    23 | D        | Found a basalt altar of Yredelemnul.
    23 | D        | Found a shimmering altar of Xom.
    23 | D        | Found an ornate altar of the Wu Jian Council.
    23 | D        | Found a sacrificial altar of Ru.
    23 | D        | Found a stormy altar of Qazlal.
    23 | D        | Found an iron altar of Okawaru.
    23 | D        | Found a sparkling altar of Nemelex Xobeh.
    23 | D        | Found a burning altar of Makhleb.
    23 | D        | Found a blossoming altar of Fedhas.
    23 | D        | Found a white marble altar of Elyvilon.
    23 | D        | Found a shadowy altar of Dithmenos.
    23 | D        | Found a snail-covered altar of Cheibriados.
    25 | D        | Found a radiant altar of Vehumet.
    25 | D        | Found a corrupted altar of Lugonu.
    26 | D        | Found a hide-covered altar of Uskayaw.
    26 | D        | Found an ancient bone altar of Kikubaaqudgha.
    26 | D        | Found a broken altar of Ashenzari.
    35 | D        | Became a worshipper of Makhleb the Destroyer
    91 | D        | Noticed a floating eye
    93 | D        | Paralysed by a floating eye for 3 turns
    98 | D        | Reached * piety under Makhleb
    99 | D        | Reached XP level 2. HP: 20/28 MP: 2/2
   100 | D        | Paralysed by a floating eye for 3 turns
   106 | D        | Paralysed by a floating eye for 3 turns
   109 | D        | Killed a floating eye
   110 | D        | Reached skill level 5 in Axes
   110 | D        | Reached XP level 3. HP: 33/38 MP: 3/3
   110 | D        | Reached XP level 4. HP: 40/45 MP: 4/4
   122 | D        | Reached skill level 5 in Fighting
   122 | D        | Reached XP level 5. HP: 40/52 MP: 5/5
   122 | D        | Noticed an orc warrior
   124 | D        | Reached ** piety under Makhleb
   151 | D        | HP: 2/52 [orc warrior (9)]
   154 | D        | Reached *** piety under Makhleb
   155 | D        | Slain by an orc warrior

Illustrated notes

Levels and vault maps discovered:
D:        pitsprint [storerooms_1, entrance_room_1, metal_vault_2, armoury_2,
          mini_pit_1, grid_room_1, main_hall_1, silver_pit, the_coven_1,
          the_vestibule_1, steel_vault_5, golden_pit, hallway_of_sentries,
          crystal_vault_4, iron_vault_1, final_vault]

Skill      XL: |  1  2  3  4 |
---------------+-------------+-----
Fighting       | 3 4 5 |  5.1
Shields        | 4 6 |  6.6
Axes           | 3 5 6 |  6.2
Armour         | 4 6 |  6.4

Action                   |  1- 3 |  4- 6 || total
-------------------------+-------+-------++-------
Melee: Hand axe          |    20 |    33 ||    53
       War axe           |     5 |       ||     5
  Use: Potion            |       |     4 ||     4
Armor: Scale mail        |    11 |     9 ||    20
Dodge: Dodged            |     5 |    12 ||    17
Block: Kite shield       |     7 |    25 ||    32

Table legend: (Time is in decaauts)
 A = Elapsed time spent in this place.
 B = Non-inter-level travel time spent in this place.
 C = Inter-level travel time spent in this place.
 D = Time resting spent in this place.
 E = Time spent auto-exploring this place.
 F = Levels seen in this place.
 G = Mean time per level.
                   A        B        C        D        E       F      G
               +--------+--------+--------+--------+--------+-----+--------+
         Total |    169 |    169 |      0 |      0 |      0 |   1 |  169.0 |
       Dungeon |    169 |    169 |      0 |      0 |      0 |   1 |  169.0 |
               +--------+--------+--------+--------+--------+-----+--------+

Top non-repeatable levels by time:
       D: 169 daAuts
